Map: 零纪元-天梯版

Players

Scarlett

  • Race: Zerg Zerg
  • League: Platinum

Serral - Winner!

  • Race: Zerg Zerg

Event: WESG 2018 Grand Finals

VOD

Have the link to the VOD?

Description

Time

  • Played on: March 16, 2019, 3:07 a.m.
  • Length: 9:43

All games in this series

Show
View Real Time Build Order
Export as new Build Order

Scarlett Zerg 

Build Orders: Hatch First 

Get SALT Encoding   

  12  0:00  Drone  
  13  0:12  Overlord  
  13  0:17  Drone  
  14  0:31  Drone x2  
  16  0:48  Hatchery  
  15  0:52  Drone  
  15  0:55  Drone  
  17  0:59  Drone  
  18  1:10  Extractor  
  17  1:14  Spawning Pool  
  17  1:18  Drone  
  17  1:21  Drone  
  18  1:28  Drone  
  19  1:39  Drone  
  20  1:49  Drone  
  21  2:00  Overlord  
  21  2:01  Queen x2, Drone  
  26  2:11  Drone x2  
  26  2:13  Metabolic Boost  
  28  2:22  Drone x2  
  30  2:33  Zergling x4  
  32  2:40  Hatchery  
  31  2:46  Queen  
  31  2:51  Overlord  
  33  2:55  Drone  
  33  2:58  Drone x2  
  36  3:10  Drone x3  
  36  3:12  Baneling Nest  
  38  3:14  Drone x2  
  38  3:17  Overlord  
  40  3:24  Zergling x2  
  41  3:29  Zergling x4  
  43  3:40  Evolution Chamber, Drone  
  43  3:41  Drone  
  44  3:44  Drone x3  
  47  3:55  Drone x4, Baneling x2  
  50  3:57  Drone x2  
  52  4:05  Overlord  
  52  4:08  Zerg Missile Weapons Level 1  
  52  4:13  Zergling x4  
  52  4:14  Overlord, Drone x3  
  57  4:18  Extractor  
  57  4:19  Extractor  
  55  4:27  Drone  
  55  4:28  Drone x7  
  55  4:29  Overlord  
  55  4:30  Drone x2  
  65  4:41  Drone x5  
  65  4:43  Lair  
  70  4:45  Overlord  
  70  4:49  Overlord  
  70  4:53  Extractor  
  69  5:00  Roach Warren, Drone x5, Extractor  
  69  5:04  Extractor  
  69  5:05  Overlord  
  71  5:08  Drone x3  
  71  5:11  Drone  
  71  5:12  Drone x3  
  71  5:13  Drone  
  79  5:19  Overlord  
  78  5:21  Overlord  
  78  5:23  Overlord  
  78  5:28  Overlord  
  78  5:32  Drone  
  79  5:42  Glial Reconstitution  
  79  5:43  Hatchery  
  79  5:44  Roach x4  
  79  5:45  Overseer  
  79  5:46  Overseer, Spire  
  79  5:49  Overlord  
  85  5:53  Roach  
  85  5:54  Roach  
  89  6:00  Roach x4  
  97  6:08  Roach x3  
  97  6:09  Overlord  
  103  6:13  Roach x2  
  103  6:17  Overlord  
  107  6:24  Zerg Missile Weapons Level 2  
  107  6:25  Overlord  
  107  6:28  Roach x6  
  119  6:38  Overlord  
  119  6:42  Roach x3  
  119  6:43  Roach x4  
  130  7:00  Corruptor x5  
  140  7:07  Corruptor x2  
  144  7:08  Overlord x2  
  146  7:18  Overlord x2  
  146  7:19  Overlord  
  146  7:22  Corruptor  
  146  7:29  Spore Crawler, Drone  
  150  7:34  Roach x7  
  160  7:47  Roach x3  
  160  7:49  Overlord x4  
  166  7:54  Drone x4  
  167  7:59  Centrifical Hooks  
  167  8:05  Roach x2  
  166  8:09  Roach x5  
  166  8:10  Ravager x3  
  179  8:14  Roach x2  
  169  8:28  Roach x8  
  169  8:33  Roach  
  169  8:34  Roach x2  
  176  8:41  Roach  
  176  8:42  Roach x4  
  176  8:48  Roach x3  
  176  8:58  Roach x5  
  176  9:02  Roach x2  
  158  9:04  Roach  
  158  9:09  Roach x2  
  149  9:12  Roach  
  149  9:14  Roach  
  125  9:18  Roach x3  
  125  9:22  Roach x3  
Show
View Real Time Build Order
Export as new Build Order

Serral Zerg - Winner!

Build Orders: Hatch First 

Get SALT Encoding   

  12  0:00  Drone  
  13  0:13  Overlord  
  13  0:18  Drone  
  14  0:31  Drone x2  
  16  0:50  Hatchery  
  16  0:54  Drone  
  16  0:57  Drone  
  16  1:01  Drone  
  18  1:12  Extractor  
  18  1:17  Spawning Pool  
  16  1:20  Drone  
  16  1:24  Drone  
  18  1:29  Drone  
  19  1:39  Drone  
  20  1:50  Drone  
  21  2:00  Overlord  
  21  2:03  Queen x2  
  21  2:05  Zergling x2  
  26  2:12  Metabolic Boost  
  26  2:14  Drone  
  27  2:17  Drone  
  27  2:22  Drone  
  29  2:24  Drone  
  30  2:40  Hatchery  
  30  2:44  Drone  
  30  2:46  Drone  
  30  2:50  Overlord  
  31  2:58  Drone  
  31  2:59  Baneling Nest  
  31  3:03  Drone x2  
  32  3:09  Drone x2  
  34  3:13  Drone  
  34  3:17  Zergling x2, Drone x2  
  34  3:19  Zergling x2  
  39  3:22  Zergling x2  
  39  3:26  Overlord  
  40  3:29  Zergling x2  
  40  3:30  Zergling x2  
  42  3:34  Queen  
  44  3:44  Baneling  
  44  3:46  Zergling x2, Drone  
  44  3:47  Evolution Chamber, Drone x2  
  44  3:48  Drone  
  48  3:50  Drone  
  48  3:53  Drone  
  48  3:55  Drone  
  51  3:56  Drone  
  51  3:58  Drone  
  53  4:04  Lair  
  53  4:05  Drone  
  53  4:09  Drone x2  
  56  4:11  Drone  
  56  4:12  Drone  
  56  4:15  Zerg Missile Weapons Level 1  
  58  4:18  Extractor x2  
  58  4:21  Roach Warren  
  55  4:24  Zergling x2  
  55  4:26  Drone x2  
  55  4:28  Overlord  
  58  4:32  Overlord  
  58  4:35  Baneling  
  58  4:36  Overlord  
  58  4:41  Overlord  
  57  4:47  Drone x6  
  57  4:51  Drone x3  
  65  4:53  Drone  
  65  4:54  Drone  
  65  4:58  Drone x2  
  65  4:59  Extractor  
  68  5:01  Zergling x2  
  68  5:02  Zergling x2  
  68  5:03  Baneling x2  
  70  5:11  Drone  
  70  5:12  Spire  
  70  5:13  Drone  
  71  5:17  Overlord  
  71  5:18  Drone x3  
  71  5:20  Extractor  
  71  5:21  Baneling  
  73  5:22  Drone, Extractor  
  73  5:24  Overseer  
  73  5:27  Overlord  
  73  5:31  Drone x3  
  73  5:33  Glial Reconstitution  
  73  5:35  Drone x3  
  78  5:37  Overseer, Drone  
  78  5:40  Overlord  
  79  5:43  Drone  
  79  5:45  Overlord x2  
  80  5:50  Roach x2  
  80  5:54  Roach x2  
  88  5:58  Roach x2  
  88  5:59  Roach  
  94  6:16  Hatchery  
  93  6:26  Mutalisk x6  
  93  6:30  Overlord x2  
  105  6:32  Zerg Missile Weapons Level 2  
  105  6:36  Roach x2  
  105  6:39  Roach x2  
  112  6:43  Roach x2  
  112  6:46  Roach x2  
  119  6:48  Roach x2  
  119  6:53  Roach x2  
  119  6:54  Roach  
  126  6:58  Roach x2  
  126  6:59  Roach x2  
  134  7:02  Overlord x2  
  134  7:03  Overlord  
  134  7:05  Roach x2  
  138  7:10  Roach x3  
  144  7:19  Overlord x2  
  144  7:26  Drone x3  
  144  7:28  Roach  
  144  7:29  Roach  
  151  7:33  Zergling x2  
  151  7:34  Overlord  
  152  7:37  Extractor  
  152  7:38  Roach  
  152  7:39  Roach x5  
  152  7:41  Spore Crawler  
  162  7:46  Overlord x2, Drone  
  162  7:49  Ravager x4  
  167  7:56  Roach x5  
  177  8:01  Roach x5  
  185  8:12  Roach x6  
  181  8:27  Roach x9  
  181  8:30  Roach  
  195  8:42  Roach x2  
  195  8:44  Ravager  
  200  8:54  Roach x5  
  198  8:57  Roach  
  198  8:58  Roach  
  198  9:01  Overlord x3  
  188  9:08  Roach x6  
  184  9:13  Roach x5  
  178  9:19  Roach  
  178  9:20  Roach  
  178  9:23  Roach  
  170  9:35  Hatchery  
Tags
 
Add a new tag
Caveats
  • Supply blocks, unpowered buildings, or Contaminate may cause inaccurate times.
  • Supply counts are checked every 10 seconds.